[Event "7th Sharjah Challengers 2024"]
[Site "Sharjah"]
[Date "2024.05.16"]
[Round "3.12"]
[White "Movahed, Sina"]
[Black "Kazarian, Anna-Maja"]
[Result "1-0"]
[ECO "C02"]
[WhiteElo "2464"]
[BlackElo "2182"]
[Annotator "TA"]
[PlyCount "49"]
[EventDate "2024.05.13"]
[EventType "swiss"]
[EventCountry "UAE"]
[SourceTitle "playchess.com"]
[Source "ChessBase"]
[SourceQuality "1"]
[TimeControl "5400+30"]

1. e4 e6 2. d4 d5 3. e5 c5 4. c3 Qb6 5. Nf3 Bd7 6. Be2 Nc6 7. O-O Rc8 8. dxc5 Bxc5 9. b4 Be7 10. Na3 f6 {[%emt 0:09:53] White is slightly better.} 11. Be3 Qc7 (11... Qd8 $14) 12. Nb5 Qb8 13. c4 $36 {[%emt 0:01:23][%mdl 2048] White is in control. White has more active pieces. The black rooks are passive.} dxc4 (13... Nxe5 $16 {might work better.} 14. Bxa7 (14. Nxa7 Nxf3+ 15. gxf3 Rd8 $14) 14... Nxf3+ 15. Bxf3 Qf4) 14. Bc5 Nxe5 15. Nd6+ ({Resist} 15. Bxa7 Qa8 16. a4 Bxb4 $16 (16... Nxf3+ 17. Bxf3 Nh6 18. Bb6 $18)) 15... Bxd6 16. Bxd6 Nxf3+ 17. Bxf3 Qa8 18. Re1 {[%emt 0:00:40][%mdl 1024] [#] aiming for Bg4. White has strong compensation.} Ne7 $2 (18... Kf7 $16) 19. Bg4 $18 f5 $2 (19... Kf7 20. Bxe6+ Bxe6) 20. Bh5+ {[%emt 0:00:54] A strong pair of Bishops. White is clearly winning.} g6 21. Qd4 O-O 22. Bxe7 Rf7 23. Qxd7 gxh5 24. Qxe6 {[%emt 0:00:21] [#] Re3 would now be deadly.} Re8 25. Qxc4 {[%emt 0:00:09] Weighted Error Value: White=0.17 (very precise) /Black=0.72.  Loses game:     	---       	Black=2      Mistake:       	---       	Black=2      Inaccurate:     	White=2     	Black=2      OK:         	White=5     	Black=5      Best:        	White=1     	Black=1} 1-0